 Dungeon Crawl Stone Soup version 0.29.0-4-gdea44cf6ec (webtiles) character file.

Game seed: 3706239421314221670

25 qw the Chopper (level 3, -3/21 HPs)
             Began as a Tengu Warper on Aug 28, 2022.
             Slain by Sigmund
             ... wielding a +0 scythe
              (8 damage)
             ... on level 2 of the Dungeon.
             The game lasted 00:00:05 (1251 turns).

qw the Chopper (Tengu Warper)                       Turns: 1251, Time: 00:00:05

Health: -3/21      AC:  3    Str: 13    XL:     3   Next: 6%
Magic:  7/7        EV: 12    Int: 13    God:
Gold:   118        SH:  0    Dex: 13    Spells: 6/6 levels left

rFire   . . .      SeeInvis .   Y - +0 hand axe
rCold   . . .      Faith    .   (no shield)
rNeg    . . .      Spirit   .   b - +0 leather armour
rPois   .          Reflect  .   (helmet restricted)
rElec   .          Harm     .   (no cloak)
rCorr   .          Rampage  .   (no gloves)
Will    .....                   (boots unavailable)
Stlth   +.........              (no amulet)
HPRegen 0.07/turn               (no ring)
MPRegen 0.10/turn               (no ring)

@: confused
A: beak, talons 3
a: no special abilities


You were on level 2 of the Dungeon.
You visited 1 branch of the dungeon, and saw 2 of its levels.

You collected 118 gold pieces.


Innate Abilities, Weirdness & Mutations

You have a beak for a mouth.
You have claws for feet.


   Skills:
 - Level 2.0 Fighting
 + Level 3.8 Axes
 - Level 1.0 Throwing
 - Level 1.1 Armour
 - Level 2.1 Dodging
 - Level 2.0 Spellcasting
 - Level 2.4 Translocations


You had 6 spell levels left.
You didn't know any spells.
Your spell library contained the following spells:

 Spells                   Type           Power      Damage    Failure   Level
 Blink                    Tloc           14%        N/A       19%         2
 Gell's Gravitas          Tloc           7%         N/A       36%         3
 Lesser Beckoning         Tloc           7%         N/A       36%         3
 Teleport Other           Tloc           7%         N/A       36%         3
 Manifold Assault         Tloc           7%         N/A       98%         5

Inventory:

Hand Weapons
 f - a +0 club
 Y - a +0 hand axe (weapon)
Armour
 b - a +0 leather armour (worn)
 c - a +0 scale mail
Scrolls
 a - a scroll of identify
Potions
 e - a potion of mutation {unknown}
 g - a potion of magic {unknown}

Dungeon Overview and Level Annotations

Branches:
Dungeon (2/15)

Altars:

Annotations:
D:2 Sigmund


Message History

You feel stronger. x2
You hit the goblin but do no damage. You claw the goblin.
The goblin is heavily wounded.
The goblin barely misses you.
You hit the goblin.
You kill the goblin!
You start resting.
Sigmund the Dreaded comes into view.
He is wielding a +0 scythe.
1225 ||| Stepping ~*~*~tactically~*~*~ (stealth).
You start resting.
Sigmund is nearby!
Sigmund shouts!
Sigmund closely misses you.
You see here a +0 club.
You closely miss Sigmund. Your peck misses Sigmund.
Sigmund gestures at you while chanting. You resist with significant effort.
Sigmund hits you with a +0 scythe!
You closely miss Sigmund. You hit Sigmund. Your kick misses Sigmund.
Your peck misses Sigmund.
Sigmund is lightly wounded.
Sigmund closely misses you.
You closely miss Sigmund. You peck Sigmund.
Sigmund is lightly wounded.
Sigmund casts a spell at you. The magic dart hits you.
1246 ||| DRINKING potion of heal wounds.
You feel much better.
Sigmund points at you and mumbles some strange words.
You are confused.
Sigmund attacks as you move away! Sigmund hits you with a +0 scythe.
Sigmund misses you.
You miss Sigmund.
Sigmund is lightly wounded.
Sigmund gestures at you while chanting. The magic dart hits you.
Sigmund hits you with a +0 scythe.
You hit Sigmund. Your kick misses Sigmund.
Sigmund is moderately wounded.
Sigmund hits you with a +0 scythe!
You die...

#.#.. ... ... .#.# ##
#..### #.. ...#.
#..... #.. ####.#.#
$#..# #..
#....#)##.#..###.###..
#.....#..#...+........
#....#)##%#..###..##.#
#............## #...<%
#...@@.###....####.#.#
#......# #............
######## #.....###.#..
###### #.....#...#.#
#....# #.....#...#.#
#....# #.....#...#..
#....# #.....##.####
#....###...........#
#..................#


You could see Sigmund.

Vanquished Creatures
  3 endoplasms
  5 giant cockroaches
  4 goblins
  A hobgoblin (D:2)
  2 ball pythons (D:1)
  2 frilled lizards (D:2)
  6 rats
23 creatures vanquished.

Notes
Turn   | Place    | Note
-------+----------+-------------------------------------------
     0 | D:1      | qw the Tengu Warper began the quest for the Orb.
     0 | D:1      | Reached XP level 1. HP: 12/12 MP: 4/4
     0 | D:1      | 0 ||| qw: Version: 0.1-a-89-g26bdef1
     0 | D:1      | 0 ||| qw: Game counter: 2354
     0 | D:1      | 0 ||| qw: Always use a shield: true
     0 | D:1      | 0 ||| qw: God list: Okawaru
     0 | D:1      | 0 ||| qw: Allow faded altars: false
     0 | D:1      | 0 ||| qw: Do Orc after D:15 true
     0 | D:1      | 0 ||| qw: Do second Lair branch before Depths: true
     0 | D:1      | 0 ||| qw: Lair rune preference: random
     0 | D:1      | 0 ||| qw: Plans: Normal
     0 | D:1      | 0 ||| PLANNING D:1-11
   432 | D:1      | Reached skill level 3 in Axes
   432 | D:1      | Reached XP level 2. HP: 17/17 MP: 6/6
   696 | D:1      | Found a faded altar of an unknown god.
   945 | D:1      | 945 ||| READING 3 scrolls labelled RUTSUOTAXTO.
   946 | D:1      | 946 ||| READING 2 scrolls of identify.
   946 | D:1      | 946 ||| IDENTIFYING smoky inky potion
   947 | D:1      | 947 ||| DROPPING scroll of blinking.
  1038 | D:2      | 1038 ||| FLEEEEING.
  1052 | D:2      | 1052 ||| Stepping ~*~*~tactically~*~*~ (stealth).
  1053 | D:2      | 1053 ||| Stepping ~*~*~tactically~*~*~ (stealth).
  1185 | D:2      | Reached XP level 3. HP: 15/21 MP: 7/7
  1224 | D:2      | Noticed Sigmund
  1225 | D:2      | 1225 ||| Stepping ~*~*~tactically~*~*~ (stealth).
  1245 | D:2      | HP: 4/21 [Sigmund/magic dart (6)]
  1246 | D:2      | 1246 ||| DRINKING potion of heal wounds.
  1250 | D:2      | HP: 4/21 [Sigmund/+0 scythe (6)]
  1251 | D:2      | Slain by Sigmund

Levels and vault maps discovered:
D:1:      dpeg_arrival_prison, layout_loops_corners,
          dreamdust_ecumenical_altar_angels_and_demons
D:2:      minmay_door_path, layout_basic, basic_altar, minmay_small_reverse_x,
          uniq_sigmund

Skill      XL: |  1 |
---------------+----+-----
Axes           | 3 |  3.8
Fighting       | |  2.0
Throwing       | |  1.0
Armour         | |  1.1
Dodging        | |  2.1
Spellcasting   | |  2.0
Translocations | |  2.4

Action                   || total
-------------------------++-------
Melee: Hand axe          ||    47
       Kick              ||    11
       Peck              ||     5
Throw: Boomerang         ||     7
  Use: Scroll            ||     2
       Potion            ||     1
 Stab: Sleeping          ||     1
Armor: Leather armour    ||     9
Dodge: Dodged            ||    20

Table legend:
 A = Non-vault XP
 B = Vault XP
 C = Vault XP percentage of total XP
 D = Non-vault monster count
 E = Vault monster count
 F = Vault count percentage of total count
                 A         B        C        D         E       F
            +---------+---------+-------+---------+---------+-------
      Total |      23 |      14 |  37.8 |      14 |       9 |  39.1
            +---------+---------+-------+---------+---------+-------
        D:1 |      13 |       8 |  38.1 |       8 |       5 |  38.5
        D:2 |      10 |       6 |  37.5 |       6 |       4 |  40.0
            +---------+---------+-------+---------+---------+-------
